 Dungeon Crawl Stone Soup version 0.31.0-9-g3a7656b989 (webtiles) character file.

Game seed: 18030032906161203012

1020 ExZ the Trooper (level 8, 0/44 HPs)
             Began as a Vine Stalker Fighter on Jan 28, 2024.
             Succumbed to a water moccasin's poison
             ... on level 6 of the Dungeon.
             The game lasted 00:05:12 (3570 turns).

ExZ the Trooper (Vine Stalker Fighter)              Turns: 3570, Time: 00:05:12

Health: 0/44       AC: 13    Str: 21    XL:     8   Next: 22%
Magic:  4/9        EV:  8    Int:  8    God:
Gold:   201        SH:  5    Dex: 14    Spells: 7/7 levels left

rFire   . . .        a - +0 war axe
rCold   . . .        c - +0 buckler
rNeg    . . .        k - +1 chain mail
rPois   .            (no helmet)
rElec   .            l - +0 cloak
rCorr   .            o - +0 pair of gloves
SInv    .            (no boots)
Will    +....        (no amulet) Stlth
                     (no ring)
HPRegen 1.07/turn    (no ring)
MPRegen 0.11/turn

%: guardian spirit
@: lethally poisoned (0 -> -6)
A: fangs 3, regeneration 1, magic shield, antimagic bite, no potion heal 2
a: no special abilities


You were on level 6 of the Dungeon.
You visited 1 branch of the dungeon, and saw 6 of its levels.

You collected 201 gold pieces.

Inventory:

Hand Weapons
 a - a +0 war axe (weapon)
Armour
 c - a +0 buckler (worn)
 k - a +1 chain mail (worn)
 l - a +0 cloak (worn)
 o - a +0 pair of gloves (worn)
Wands
 n - a wand of flame (13)
 p - a wand of quicksilver (6)
Scrolls
 b - a scroll of blinking
 f - a scroll of poison {unknown}
 i - a scroll of vulnerability
 j - 2 scrolls of teleportation
 q - a scroll of revelation {unknown}
 r - a scroll of amnesia {unknown}
Potions
 d - a potion of attraction {unknown}
 e - 2 potions of heal wounds {unknown}
 g - a potion of curing
 h - 3 potions of invisibility {unknown}


   Skills:
 - Level 5.8 Fighting
 - Level 2.0 Axes
 + Level 4.9 Armour
 + Level 5.4 Shields


You had 7 spell levels left.
You didn't know any spells.
Your spell library contained the following spells:

 Spells                   Type           Power      Damage    Failure   Level
 Apportation              Tloc           0%         N/A       98%         1
 Freeze                   Ice            0%         1d3       98%         1
 Necrotise                Necr           0%         1d4       98%         1
 Sting                    Conj/Alch      0%         1d3       98%         1
 Summon Small Mammal      Summ           0%         N/A       98%         1
 Ensorcelled Hibernation  Hex/Ice        0%         N/A       99%         2
 Frozen Ramparts          Ice            0%         1d1       100%        3
 Fugue of the Fallen      Necr           0%         N/A       100%        3
 Hailstorm                Conj/Ice       0%         3d5       100%        3
 Ozocubu's Armour         Ice            0%         N/A       100%        3
 Anguish                  Hex/Necr       0%         N/A       100%        4
 Metabolic Englaciation   Hex/Ice        0%         N/A       100%        5
 Sculpt Simulacrum        Ice/Alch       0%         N/A       100%        6


Dungeon Overview and Level Annotations

Branches:
Dungeon (6/15)
 Temple: D:4-7

Altars:
Dithmenos
Zin

Portals:
Sewer: D:3

Annotations:
D:6 Prince Ribbit


Innate Abilities, Weirdness & Mutations

You have razor-sharp teeth.
Your natural rate of healing is unusually fast.
When hurt, damage is shared between your health and your magic reserves.
Your bite disrupts and absorbs the magic of your enemies.
Potions cannot restore your health.


Message History

The water moccasin is almost dead.
You feel very sick. The water moccasin bites you. x2
You are more poisoned.
The water moccasin poisons you!
You miss the water moccasin.
The water moccasin is severely wounded.
You feel extremely sick. The water moccasin barely misses you.
You block the water moccasin's attack.
You closely miss the water moccasin. Your bite misses the water moccasin.
The water moccasin is severely wounded.
You feel very sick. The water moccasin barely misses you.
You block the water moccasin's attack.
You are too injured to fight recklessly!
Unknown command.
You closely miss the water moccasin.
The water moccasin is severely wounded.
You feel very sick.
The water moccasin bites you but does no damage.
The water moccasin bites you.
You are lethally poisoned!
The water moccasin poisons you!
You miss the water moccasin. Your bite misses the water moccasin.
The water moccasin is severely wounded.
* * * LOW HITPOINT WARNING * * *
You feel extremely sick. You block the water moccasin's attack.
The water moccasin barely misses you.
Unknown command.
Unknown command.
You hit the water moccasin. Your bite misses the water moccasin.
The water moccasin is almost dead.
* * * LOW HITPOINT WARNING * * *
You feel very sick. The water moccasin closely misses you.
The water moccasin bites you.
* * * LOW HITPOINT WARNING * * *
Unknown command.
Unknown command.
As you read the scroll of identify, it crumbles to dust.
g - a potion of curing You die...

# #O# #. #.# #.# ##. ...
#O####.. #.# #.#..... #.# ###
#.[.##.. #.# ##.## ###O####
#.###.#.######## #†#
#.##.###.......######## #.#
......#.........@SWO..######.#
..####.#######.######........#
..####.# #...........#####
.......# ###########.#
<####### #.# .# #.# .# #.# .#
#.# .# #.#


You could see a water moccasin, an ogre and a phantom.

Vanquished Creatures
  2 water moccasins (D:6)
  A sky beast (D:3)
  2 centaurs (D:5)
  A kobold brigand (D:6)
  A scorpion (D:5)
  2 orc priests (D:4)
  A hound (D:4)
  A gnoll bouda (D:5)
  Terence (D:2)
  An iguana (D:5)
  A sleepcap (D:5)
  8 gnolls (D:5)
  5 adders
  2 ufetubi (D:6)
  2 dart slugs
  13 orcs
  3 ball pythons
  9 endoplasms
  7 giant cockroaches
  7 goblins
  9 hobgoblins
  7 kobolds
  6 quokkas
  6 bats
  3 frilled lizards
  11 rats
112 creatures vanquished.

Notes
Turn   | Place    | Note
-------+----------+-------------------------------------------
     0 | D:1      | ExZ the Vine Stalker Fighter began the quest for the Orb.
     0 | D:1      | Reached XP level 1. HP: 11/11 MP: 2/2
   120 | D:1      | Reached XP level 2. HP: 9/16 MP: 1/3
   339 | D:1      | Reached XP level 3. HP: 20/20 MP: 2/4
   638 | D:2      | Noticed Terence
   649 | D:2      | Killed Terence
   650 | D:2      | Reached XP level 4. HP: 17/25 MP: 3/5
  1066 | D:3      | Noticed a sky beast
  1511 | D:3      | Reached XP level 5. HP: 24/30 MP: 4/6
  1525 | D:3      | Killed a sky beast
  1526 | D:3      | Reached skill level 5 in Fighting
  1589 | D:3      | Found a glowing drain.
  1684 | D:4      | Reached XP level 6. HP: 36/36 MP: 7/7
  2286 | D:5      | Entered Level 5 of the Dungeon
  2332 | D:5      | Reached XP level 7. HP: 32/39 MP: 6/8
  2887 | D:5      | Found a glowing silver altar of Zin.
  2889 | D:5      | Found a shadowy altar of Dithmenos.
  3207 | D:6      | Noticed Prince Ribbit
  3419 | D:6      | Gained mutation: You have razor-sharp teeth. [Vine Stalker
                  | growth]
  3419 | D:6      | Reached XP level 8. HP: 43/44 MP: 9/9
  3448 | D:6      | Reached skill level 5 in Shields
  3570 | D:6      | Succumbed to a water moccasin's poison

Illustrated notes

Levels and vault maps discovered:
D:1:      minmay_arrival_hallway, layout_basic
D:2:      layout_rooms, minmay_tetromino_s4, uniq_terence
D:3:      layout_rooms, gup_sewer_entry_pipe
D:4:      layout_basic
D:5:      dreamdust_elfheim, layout_basic, minitemple
D:6:      minmay_general_purpose_star, layout_loops_ring, uniq_prince_ribbit1

Skill      XL: |  1  2  3  4  5  6  7  8 |
---------------+-------------------------+-----
Axes           | 2 |  2.0
Fighting       | 3 4 5 |  5.8
Shields        | 3 4 5 |  5.4
Armour         | 3 4 |  4.9

Action                     |  1- 3 |  4- 6 |  7- 9 || total
---------------------------+-------+-------+-------++-------
  Melee: War axe           |    78 |   148 |   105 ||   331
         Bite              |     9 |    32 |    31 ||    72
    Use: Potion            |     1 |       |       ||     1
         Scroll            |       |     5 |     1 ||     6
 Armour: Scale mail        |    62 |       |       ||    62
         Chain mail        |       |   164 |   129 ||   293
  Dodge: Dodged            |    32 |    54 |    45 ||   131
  Block: Buckler           |    27 |    46 |    48 ||   121
